 Dungeon Crawl Stone Soup version 0.26.0-16-gc1dbca0489 (webtiles) character file.

Game seed: 5064550553060765951

527 thiole the Sneak (level 7, -12/44 HPs)
             Began as an Octopode Hedge Wizard on Jan 22, 2021.
             Was an Initiate of Sif Muna.
             Mangled by an orc warrior
             ... wielding a +0 short sword
              (15 damage)
             ... on level 6 of the Dungeon.
             The game lasted 00:08:06 (6959 turns).

thiole the Sneak (Octopode Hedge Wizard)            Turns: 6959, Time: 00:08:07

Health: -12/44     AC:  1    Str:  9    XL:     7   Next: 23%
Magic:  13/13      EV: 13    Int: 21    God:    Sif Muna [......]
Gold:   186        SH:  5    Dex: 12    Spells: 6/14 levels left

rFire    . . .     SeeInvis .   w - +0 hand axe of the Real Monster {holy, Int+3}
rCold    . . .     Faith    .   (no shield)
rNeg     . . .     Spirit   .   b - +0 hat
rPois    .         Reflect  +   e - amulet of reflection
rElec    .         Harm     .   h - ring of resist corrosion
rCorr    +         Rampage  .   (no ring)
Will     .....                  (no ring)
Stlth    ++++......             (no ring)
HPRegen  0.14/turn              (no ring)
MPRegen  0.13/turn              (no ring)
                                (no ring)
                                (no ring)

@: no status effects
A: almost no armour, stealthy swim, amphibious, 8 rings, constrict 8, camouflage
1, gelatinous body 1
a: Renounce Religion


You were on level 6 of the Dungeon.
You worshipped Sif Muna.
Sif Muna was noncommittal.
You visited 2 branches of the dungeon, and saw 7 of its levels.

You collected 186 gold pieces.

Inventory:

Hand Weapons
 a - a +0 dagger
 d - a +0 antimagic spear
 p - a +0 short sword of protection
 w - the +0 hand axe of the Real Monster (weapon) {holy, Int+3}
   (You found it on level 4 of the Dungeon)

   It has been blessed by the Shining One to cause great damage to the undead
   and demons.
   It affects your intelligence (+3).
Armour
 b - a +0 hat (worn)
Jewellery
 e - an amulet of reflection (around mantle)
 h - a ring of resist corrosion (left tentacle)
Wands
 t - a wand of random effects (13)
Scrolls
 c - 2 scrolls of remove curse
 j - 2 scrolls of teleportation {unknown}
 m - 2 scrolls of random uselessness {unknown}
 n - 3 scrolls of amnesia {unknown}
 r - a scroll of identify
 u - a scroll of enchant weapon {unknown}
 y - a scroll of enchant armour {unknown}
Potions
 f - a potion of ambrosia {unknown}
 g - 3 potions of heal wounds {unknown}
 i - a potion of magic {unknown}
 k - a potion of degeneration {unknown}
 l - 2 potions of flight
 o - a potion of might {unknown}
 q - a potion of haste {unknown}
 s - a potion of curing {unknown}
 v - a potion of attraction {unknown}
 x - a potion of brilliance {unknown}


   Skills:
 + Level 1.9 Fighting
 - Level 2.0 Dodging
 + Level 5.8 Stealth
 + Level 4.4 Spellcasting
 - Level 2.0 Conjurations
 + Level 2.9 Summonings
 - Level 1.0 Translocations
 * Level 3.1 Air Magic


You had 6 spell levels left.
You knew the following spells:

 Your Spells              Type           Power        Failure   Level
a - Magic Dart            Conj           52%          4%          1
b - Call Imp              Summ           16%          5%          2
c - Slow                  Hex            4%           17%         2
d - Mephitic Cloud        Conj/Pois/Air  11%          17%         3

Your spell library contained the following spells:

 Spells                   Type           Power        Failure   Level
 Blink                    Tloc           N/A          12%         2
 Conjure Flame            Conj/Fire      8%           22%         3


Dungeon Overview and Level Annotations

Branches:
Dungeon (6/15)             Temple (1/1) D:5

Altars:
Ashenzari
Cheibriados
Dithmenos
Fedhas
Gozag
Hepliaklqana
Kikubaaqudgha
Makhleb
Okawaru
Ru
Sif Muna
Trog
Uskayaw
Vehumet
Wu Jian
Xom
Yredelemnul
Zin
The Shining One


Innate Abilities, Weirdness & Mutations

You cannot wear most types of armour.
You are very stealthy in the water. (Stealth+)
You are amphibious.
You can wear up to eight rings at the same time.
You can use your tentacles to constrict eight enemies at once.
Your skin changes colour to match your surroundings (Stealth+).
Your rubbery body absorbs attacks. (AC +1, EV +1)


Message History

You are too injured to fight recklessly!
You are too injured to fight recklessly!
You hit the orc warrior but do no damage.
You squeeze the orc warrior, but do no damage.
The orc warrior is lightly wounded.
You constrict the orc warrior, but do no damage.
The orc warrior hits you with a +0 short sword!
You block the orc warrior's attack.
You hit the orc warrior.
The orc warrior is lightly wounded.
You barely miss the orc.
You constrict the orc warrior, but do no damage.
You block the orc's attack.
The orc warrior hits you with a +0 short sword!
* * * LOW HITPOINT WARNING * * *
You hit the orc warrior but do no damage.
The orc warrior is lightly wounded.
You closely miss the orc. You constrict the orc warrior.
The orc warrior hits you with a +0 short sword!
You die...

### ##...#
....#####..#..#
...(.....####..#
........## ##.#
........#### #..
...........# #..
.........#.## #.
<...........##
......#...#.@#
.....#######oo#
..... ...# .....
##... .. .....
.#.... # #....
.....


You could see an orc warrior and an orc.

Vanquished Creatures
  A hound (D:4)
  A jelly (D:3)
  2 bullfrog skeletons (D:5)
  An orc priest (D:4)
  3 orc wizards (D:4)
  Ijyb (D:3)
  Jessica (D:3)
  8 adders
  2 shadow imps (D:5)
  A white imp (D:6)
  2 ufetubi (D:5)
  An ooze (D:5)
  2 dart slugs
  4 leopard geckos
  18 orcs
  A ball python (D:2)
  6 giant cockroaches
  14 goblins
  9 hobgoblins
  11 jackals
  12 kobolds
  2 quokkas
  6 bats
  8 frilled lizards
  2 quokka skeletons
  4 rats
123 creatures vanquished.

Notes
Turn   | Place    | Note
-------+----------+-------------------------------------------
     0 | D:1      | thiole the Octopode Hedge Wizard began the quest for the
                  | Orb.
     0 | D:1      | Reached XP level 1. HP: 11/11 MP: 4/4
   192 | D:1      | Reached skill level 3 in Stealth
   234 | D:1      | Reached XP level 2. HP: 17/17 MP: 3/6
  1045 | D:1      | Found a shadowy altar of Dithmenos.
  1332 | D:2      | Reached XP level 3. HP: 15/21 MP: 5/7
  1654 | D:2      | Found a faded altar of an unknown god.
  2617 | D:3      | Reached XP level 4. HP: 21/27 MP: 0/9
  2790 | D:3      | Reached skill level 4 in Stealth
  3096 | D:3      | Found a glowing silver altar of Zin.
  3448 | D:3      | Noticed Jessica
  3453 | D:3      | Killed Jessica
  3454 | D:3      | Reached XP level 5. HP: 27/31 MP: 6/10
  3457 | D:3      | Learned a level 2 spell: Call Imp
  3460 | D:3      | Learned a level 2 spell: Slow
  3464 | D:3      | Learned a level 3 spell: Mephitic Cloud
  3942 | D:3      | Noticed Ijyb
  3955 | D:3      | Killed Ijyb
  3956 | D:3      | Reached skill level 1 in Air Magic
  4126 | D:3      | Reached skill level 5 in Stealth
  4626 | D:4      | Reached XP level 6. HP: 37/37 MP: 6/12
  4723 | D:4      | Reached skill level 1 in Fighting
  4785 | D:4      | Got a pitted hand axe
  4786 | D:4      | Identified the cursed +0 hand axe of the Real Monster
                  | {holy, Int+3} (You found it on level 4 of the Dungeon)
  5519 | D:4      | Found a glowing golden altar of the Shining One.
  5632 | D:4      | Found a burning altar of Makhleb.
  5708 | D:5      | Entered Level 5 of the Dungeon
  5799 | D:5      | Reached XP level 7. HP: 43/44 MP: 7/13
  6102 | D:5      | Found a shimmering blue altar of Sif Muna.
  6122 | D:5      | Became a worshipper of Sif Muna the Loreminder
  6387 | D:5      | Found a staircase to the Ecumenical Temple.
  6665 | Temple   | Entered the Ecumenical Temple
  6958 | D:6      | HP: 2/44 [orc warrior/+0 short sword (15)]
  6959 | D:6      | Mangled by an orc warrior

Illustrated notes

Levels and vault maps discovered:
D:1:      dpeg_arrival_water_altar, layout_basic, kennysheep_another_room
D:2:      layout_loops_corners, chequers_ecumenical_altar_island
D:3:      kennysheep_goblin_castle, layout_basic,
          nicolae_overflow_crystal_walls, uniq_jessica
D:4:      layout_gridville, lemuel_coloured_pillars_altar, tso_altar,
          chequers_serial_rivers_micro_b
D:5:      layout_loops_cross, lemuel_doored_altar, temple_doors_ab
D:6:      layout_cave_pods, kennysheep_mini, minmay_between
Temple:   compressed_dpeg_circular_temple

Skill      XL: |  1  2  3  4  5  6  7 |
---------------+----------------------+-----
Stealth        | 3 4 5 |  5.8
Conjurations   | 2 |  2.0
Summonings     | 2 |  2.9
Spellcasting   | 4 |  4.4
Air Magic      | 1 2 3 |  3.1
Fighting       | 1 |  1.9
Dodging        | |  2.0
Translocations | |  1.0

Action                   |  1- 3 |  4- 6 |  7- 9 || total
-------------------------+-------+-------+-------++-------
Melee: Dagger            |    26 |       |       ||    26
       Constrict         |     7 |    24 |     7 ||    38
       Tentacles         |     2 |    19 |     7 ||    28
       Spear             |     6 |     1 |       ||     7
       Short sword       |       |    50 |       ||    50
       Hand axe          |       |    40 |    34 ||    74
 Cast: Magic Dart        |    98 |   130 |    41 ||   269
  Use: Scroll            |     2 |     3 |       ||     5
 Stab: Sleeping          |       |     2 |       ||     2
Armor: Skin              |     1 |    12 |     1 ||    14
Dodge: Dodged            |    20 |    43 |    20 ||    83
Block: Other             |     2 |    17 |     8 ||    27
       Reflection        |       |     1 |     1 ||     2
